 Dungeon Sprint DCSS version 0.23-a0-703-gdf2d5e0 (webtiles) character file.

60 TheOrbIsALie the Ruffian (level 4, 0/25 HPs)
             Began as a Gargoyle Transmuter on Jan 13, 2019.
             Was an Initiate of Cheibriados.
             Slain by a troll (11 damage)
             ... in the Dungeon (Sprint IX: "|||||||||||||||||||||||||||||").
             The game lasted 00:01:36 (337 turns).

TheOrbIsALie the Ruffian (Gargoyle Transmuter)       Turns: 337, Time: 00:01:36

Health: 0/25       AC:  7    Str: 18    XL:     4   Next: 4%
Magic:  8/8        EV: 13    Int: 15    God:    Cheibriados [......]
Gold:   0          SH:  0    Dex: 11    Spells: 8/9 levels left

rFire    . . .     SeeInvis .     - Unarmed
rCold    . . .     Gourm    .   (no shield)
rNeg     + . .     Faith    .   b - +0 robe
rPois    ∞         Spirit   .   (no helmet)
rElec    +         Reflect  .   (no cloak)
rCorr    .         Harm     .   (no gloves)
MR       .....     NoTele   +   (boots currently unavailable)
Stlth    +.........             (no amulet)
HPRegen  0.08/turn              p - +3 ring of strength
MPRegen  0.11/turn              q - +2 ring of protection

@: appendage, very slow
A: talons 3, negative energy resistance 1, electricity resistance, unbreathing,
petrification resistance, rot immunity, AC +3
a: End Transformation, Bend Time, Renounce Religion


You were in the Dungeon.
You worshipped Cheibriados.
Cheibriados was noncommittal.
You were not hungry.
You had grown temporary talons.
You visited 1 branch

Inventory:

Missiles
 a - 12 arrows
Armour
 b - a +0 robe (worn)
 m - a +0 cloak
 n - a +0 helmet
 o - a +2 ring mail of magic resistance
Jewellery
 p - a +3 ring of strength (left hand)
 q - a +2 ring of protection (right hand)
Wands
 l - a wand of iceblast (8)
Scrolls
 i - 3 scrolls of remove curse
 j - 2 scrolls of blinking
 k - 2 scrolls of amnesia
Potions
 c - a potion of invisibility
 e - 5 potions of curing
 f - 2 potions of heal wounds
 g - a potion of haste
 h - 4 potions of magic
Comestibles
 d - a ration


   Skills:
 + Level 1.1 Fighting
 + Level 3.2 Dodging
 + Level 6.0 Unarmed Combat
 + Level 3.2 Spellcasting
 + Level 2.7 Transmutations


You had 8 spell levels left.
You knew the following spells:

 Your Spells              Type           Power        Failure   Level  Hunger
a - Beastly Appendage     Tmut           ##....       6%          1    #......

Your spell library contained the following spells:

 Spells                   Type           Power        Failure   Level  Hunger
 Sticks to Snakes         Tmut           ##......     10%         2    ##.....
 Spider Form              Tmut/Pois      #.........   32%         3    ###....
 Ice Form                 Ice/Tmut       #.......     73%         4    #####..
 Blade Hands              Tmut           ##........   87%         5    ######.


Dungeon Overview and Level Annotations

Branches:
Dungeon (1/1)

Altars:
Cheibriados
Dithmenos
Elyvilon
Fedhas
Gozag
Hepliaklqana
Kikubaaqudgha
Makhleb
Nemelex Xobeh
Okawaru
Qazlal
Ru
Sif Muna
Trog
Uskayaw
Vehumet
Wu Jian
Xom
Yredelemnul
Zin
The Shining One
Beogh
Jiyva
Lugonu


Innate Abilities, Weirdness & Mutations

You are resistant to torment.
Your stone body is resilient. (AC +3)
You are immune to poison.
You resist negative energy. (rN+)
You are resistant to electric shocks. (rElec)
You can survive without breathing.
You are immune to petrification.
You are immune to rotting.
You have claws for feet.


Message History

The phantom barely misses you.
You closely miss the troll. You claw the troll.
The troll is severely wounded.
The phantom blinks!
The troll barely misses you. The troll misses you. The troll barely misses you.
You hit the troll. You claw the troll, but do no damage.
The troll is severely wounded.
The phantom hits you.
You closely miss the troll.
The troll is severely wounded.
The troll completely misses you. The troll closely misses you.
The troll claws you.
You barely miss the troll.
The troll is severely wounded.
The phantom hits you. The troll barely misses you. The troll claws you! x2
* * * LOW HITPOINT WARNING * * *
You feel much better. The phantom completely misses you. The troll bites you!
Ouch! That really hurt!
The troll barely misses you. The troll claws you!
You die...

▓.▓
▓.▓
▓.▓
▓Z▓
▓O▓
▓O▓
▓T▓
▓@▓
▓W▓
▓.▓
▓.▓
▓.▓
▓)▓
▓|▓
▓.▓
▓.▓


You could see a troll, a phantom, 2 ogres and a jackal skeleton.

Vanquished Creatures
  A howler monkey (D)
  A gnoll (D)
  A dart slug (D)
  An orc (D)
  2 giant cockroaches (D)
  A hobgoblin (D)
  2 kobolds (D)
  A bat (D)
  A leopard gecko zombie (D)
11 creatures vanquished.

Notes
Turn   | Place    | Note
-------+----------+-------------------------------------------
     0 | D        | TheOrbIsALie the Gargoyle Transmuter began the quest for
                  | the Orb.
     0 | D        | Reached XP level 1. HP: 12/12 MP: 3/3
    18 | D        | Reached XP level 2. HP: 14/16 MP: 5/5
    54 | D        | Noticed a howler monkey
    58 | D        | Killed a howler monkey
    58 | D        | Reached skill level 5 in Unarmed Combat
    58 | D        | Reached XP level 3. HP: 16/20 MP: 5/7
    66 | D        | Reached XP level 4. HP: 10/25 MP: 5/8
    70 | D        | Reached skill level 6 in Unarmed Combat
   277 | D        | Found a roughly hewn altar of Beogh.
   277 | D        | Found a snail-covered altar of Cheibriados.
   277 | D        | Found a shadowy altar of Dithmenos.
   277 | D        | Found a white marble altar of Elyvilon.
   277 | D        | Found a blossoming altar of Fedhas.
   277 | D        | Found an opulent altar of Gozag.
   278 | D        | Found a hazy altar of Hepliaklqana.
   279 | D        | Found a viscous altar of Jiyva.
   280 | D        | Found an ancient bone altar of Kikubaaqudgha.
   281 | D        | Became a worshipper of Cheibriados the Contemplative
   282 | D        | Found a corrupted altar of Lugonu.
   283 | D        | Found a burning altar of Makhleb.
   284 | D        | Found a sparkling altar of Nemelex Xobeh.
   285 | D        | Found an iron altar of Okawaru.
   286 | D        | Found a stormy altar of Qazlal.
   287 | D        | Found a sacrificial altar of Ru.
   288 | D        | Found a deep blue altar of Sif Muna.
   289 | D        | Found a bloodstained altar of Trog.
   290 | D        | Found a hide-covered altar of Uskayaw.
   291 | D        | Found a radiant altar of Vehumet.
   292 | D        | Found an ornate altar of the Wu Jian Council.
   293 | D        | Found a shimmering altar of Xom.
   294 | D        | Found a basalt altar of Yredelemnul.
   299 | D        | Found a glowing silver altar of Zin.
   300 | D        | Found a glowing golden altar of the Shining One.
   330 | D        | Noticed an ogre
   330 | D        | Noticed a phantom
   330 | D        | Noticed an ogre
   330 | D        | Noticed a troll
   337 | D        | Slain by a troll

Vault maps used:
D:        linesprint

Skill      XL: |  1  2  3  4 |
---------------+-------------+-----
Dodging        | 2 3 |  3.2
Transmutations | 2 |  2.7
Unarmed Combat | 5 6 |  6.0
Spellcasting   | 3 |  3.2
Fighting       | |  1.1

Action                   |  1- 3 |  4- 6 || total
-------------------------+-------+-------++-------
Melee: Unarmed           |    22 |     8 ||    30
       Headbutt          |     2 |       ||     2
       Kick              |       |     2 ||     2
 Cast: Beastly Appendage |     1 |     1 ||     2
Evoke: Wand              |       |     2 ||     2
  Use: Potion            |     1 |     1 ||     2
Armor: Robe              |     3 |       ||     3
Dodge: Dodged            |     3 |    11 ||    14

Table legend:
 A = Non-vault XP
 B = Vault XP
 C = Vault XP percentage of total XP
 D = Non-vault monster count
 E = Vault monster count
 F = Vault count percentage of total count
                 A         B        C        D         E       F
            +---------+---------+-------+---------+---------+-------
      Total |       0 |      86 | 100.0 |       0 |      11 | 100.0
            +---------+---------+-------+---------+---------+-------
          D |       0 |      86 | 100.0 |       0 |      11 | 100.0
            +---------+---------+-------+---------+---------+-------
